 Dungeon Crawl Stone Soup version 0.27-a0-1500-g450c7e4133 (webtiles) character file.

Game seed: 2208112695969745717

723 Spaninq the Cudgeller (level 7, -6/70 HPs)
             Began as a Troll Chaos Knight on July 8, 2021.
             Was a Plaything of Xom.
             Mangled by an orc (9 damage)
             ... on level 4 of the Dungeon.
             The game lasted 00:11:48 (2281 turns).

Spaninq the Cudgeller (Troll Chaos Knight)          Turns: 2281, Time: 00:11:49

Health: -6/70      AC:  6    Str: 22    XL:     7   Next: 43%
Magic:  0/6        EV: 10    Int:  8    God:    Xom [....*.]
Gold:   134        SH:  0    Dex: 10    Spells: 6/6 levels left

rFire    . . .     SeeInvis .   a - +0 mace (chaos)
rCold    . . .     Faith    .   (no shield)
rNeg     . . .     Spirit   +   b - +2 robe
rPois    .         Reflect  .   (helmet restricted)
rElec    .         Harm     .   (no cloak)
rCorr    .         Rampage  .   (gloves unavailable)
Will     .....                  (boots unavailable)
Stlth    +.........             i - amulet of guardian spirit
HPRegen  1.21/turn              (no ring)
MPRegen  0.10/turn              (no ring)

@: no status effects
A: large, unfitting armour, claws 3, regeneration 1, shaggy fur 1, tough skin 1
a: Renounce Religion


You were on level 4 of the Dungeon.
You worshipped Xom.
You were a beloved toy of Xom.
You visited 1 branch of the dungeon, and saw 4 of its levels.
You also visited: Ossuary.

You collected 134 gold pieces.

Inventory:

Hand Weapons
 a - a +0 mace of chaos (weapon)
 o - a +0 whip
Missiles
 e - 8 curare-tipped darts (quivered)
Armour
 b - a +2 robe (worn)
Jewellery
 i - an amulet of guardian spirit (around neck)
 j - a ring of wizardry
 q - an amulet of the acrobat
Wands
 g - a wand of iceblast (6)
 w - a wand of mindburst (21)
Scrolls
 h - a scroll of fear {unknown}
 k - a scroll of magic mapping {unknown}
 n - a scroll of identify
 p - 2 scrolls of enchant armour
 r - a scroll of immolation {unknown}
 s - a scroll of amnesia {unknown}
 v - a scroll of holy word {unknown}
Potions
 c - a potion of mutation {unknown}
 d - a potion of degeneration {unknown}
 f - 4 potions of lignification
 l - a potion of magic {unknown}
 m - a potion of curing
 t - a potion of resistance {unknown}
 u - a potion of brilliance {unknown}


   Skills:
 + Level 4.1 Fighting
 * Level 6.0 Maces & Flails
 + Level 3.8 Dodging


You had 6 spell levels left.
You didn't know any spells.
Your spell library contained the following spells:

 Spells                   Type           Power      Damage    Failure   Level
 Blink                    Tloc           N/A        N/A       54%         2
 Lesser Beckoning         Tloc           0%         N/A       78%         3
 Manifold Assault         Tloc           0%         N/A       100%        5


Dungeon Overview and Level Annotations

Branches:
Dungeon (4/15)             Temple (0/1) D:4         Ossuary (visited)

Altars:
Xom
Beogh

Shops:
D:2 [**:=   D:3 :   D:4 :

Annotations:
D:3 Sigmund


Innate Abilities, Weirdness & Mutations

You are too large for most types of armour.
You have claws for hands.
Your natural rate of healing is unusually fast.
You are covered in fur. (AC +1)
You have tough skin. (AC +1)


Message History

You hit the orc wizard.
The orc wizard is almost dead.
The orc misses you. The orc wizard closely misses you.
You hear some strange, mumbled words.
A puff of flame appears from out of thin air!
The puff of flame hits you.
You miss the orc wizard.
The orc wizard is almost dead.
The orc barely misses you.
The orc wizard gestures wildly while chanting.
The orc wizard flickers and vanishes!
Something hits you.
You barely miss something. The orc closely misses you.
Something hits you but does no damage. Something hits you.
You miss something.
The orc hits you with a +1 war axe of electrocution.
Something hits you. Something hits you but does no damage.
You miss something. The orc hits you but does no damage.
You hear some strange, mumbled words.
A magic dart appears from out of thin air!
The magic dart hits you! Something hits you.
You miss something. The orc misses you.
You hear some strange, mumbled words.
A puff of flame appears from out of thin air!
The puff of flame hits you. Something hits you but does no damage.
You closely miss something.
The orc hits you with a +1 war axe of electrocution.
You are electrocuted!
Something hits you. Something hits you but does no damage.
You miss something.
The orc hits you with a +1 war axe of electrocution.
You are electrocuted!!
* * * LOW HITPOINT WARNING * * *
Something hits you.
* * * LOW HITPOINT WARNING * * *
Something hits you.
* * * LOW HITPOINT WARNING * * *
The orc hits you with a +1 war axe of electrocution!
* * * LOW HITPOINT WARNING * * *
You are electrocuted!
You die...

.# #........####.#...≈....≈...#
.# #.###.#.## #..........§....##
.# #.# #.#.# .................#
.###.###.#.# #.......#.##.....#
.......###.#<##..........#####.##
.###......... ...................
.#.#...###.. .......##..###+###
##.###.# #{o..## ,, , .†.[.'.#
#@{..# ##.###.# #....# , .#.#...#
#....# , .###...#########....# ,
, , ....................# , ,
...)########.....#### ** .#.##
#.....# *, .#.# #.....# , *
.#.#### ##+#### *


You could see an orc.

Vanquished Creatures
  An ogre (D:4)
  4 scorpions (D:4)
  Ijyb (D:4)
  An iguana (D:4)
  3 mummies (Ossuary)
  5 adders
  An adder zombie (Ossuary)
  A worm (D:2)
  6 dart slugs
  3 orcs (D:4)
  4 ball pythons
  9 bats
  4 endoplasms
  2 goblins (D:1)
  7 hobgoblins
  4 frilled lizards
  2 goblin zombies (Ossuary)
  5 hobgoblin zombies (Ossuary)
  4 kobolds
  4 kobold zombies (Ossuary)
  2 quokka zombies (Ossuary)
  4 rats (D:1)
  4 rat zombies (Ossuary)
81 creatures vanquished.

Vanquished Creatures (collateral kills)
  Eustachio (D:4)
  A centaur (D:4)
  An orc priest (D:4)
  An orc (D:4)
  A hobgoblin (D:2)
  A kobold (D:4)
6 creatures vanquished.

Vanquished Creatures (others)
  An orc wizard (D:4)
  An orc (D:4)
  2 fungi (D:4)
  A plant (D:4)
5 creatures vanquished.

Grand Total: 92 creatures vanquished

Notes
Turn   | Place    | Note
-------+----------+-------------------------------------------
     0 | D:1      | Spaninq the Troll Chaos Knight began the quest for the Orb.
     0 | D:1      | Reached XP level 1. HP: 22/22 MP: 0/0
    99 | D:1      | XOM: silly message
   160 | D:1      | Reached skill level 3 in Maces & Flails
   166 | D:1      | Reached XP level 2. HP: 29/29 MP: 1/1
   437 | D:1      | XOM: divination: magic mapping
   669 | D:1      | XOM: noise
   752 | D:2      | Reached XP level 3. HP: 33/36 MP: 2/2
   772 | D:2      | Found Mood's Assorted Antiques.
   860 | D:2      | Found Icoerghov's Antique Armour Boutique.
   908 | D:2      | Found Qeisuoj's Jewellery Shoppe.
   936 | D:2      | XOM: cast spell 'Summon Ice Beast'
   965 | D:2      | Found Bareuzoz's Book Shop.
   985 | D:2      | Found Ystul's Assorted Antiques.
  1016 | D:2      | Found a shimmering altar of Xom.
  1201 | D:3      | Noticed Sigmund
  1209 | D:3      | Found Podghacw's Book Boutique.
  1241 | D:3      | XOM: divination: detect creatures
  1260 | D:4      | Reached XP level 4. HP: 39/44 MP: 3/3
  1335 | D:4      | XOM: silly message
  1344 | D:4      | Found Sudonifu's Book Emporium.
  1362 | D:4      | Noticed Ijyb
  1362 | D:4      | Noticed a centaur
  1363 | D:4      | XOM: potion effect (curing)
  1365 | D:4      | XOM: divination: magic mapping
  1375 | D:4      | Killed Ijyb
  1376 | D:4      | Reached skill level 4 in Maces & Flails
  1379 | D:4      | XOM: divination: magic mapping
  1396 | D:4      | XOM: cast spell 'Summon Mana Viper'
  1397 | D:4      | Killed a centaur
  1398 | D:4      | Reached XP level 5. HP: 5/53 MP: 0/4
  1411 | D:4      | Found a staircase to the Ecumenical Temple.
  1455 | D:4      | Noticed Eustachio
  1463 | D:4      | XOM: noise
  1467 | D:4      | XOM: potion effect (brilliance)
  1467 | D:4      | Noticed an ogre
  1475 | D:4      | Killed an ogre
  1476 | D:4      | Reached XP level 6. HP: 44/61 MP: 3/5
  1500 | D:4      | XOM: potion effect (invisibility)
  1506 | D:4      | Found a sand-covered staircase.
  1514 | Ossuary  | Entered an ossuary
  1530 | Ossuary  | Reached skill level 5 in Maces & Flails
  1709 | D:4      | XOM: smoke on damage
  1714 | D:4      | Killed Eustachio
  1787 | D:4      | Reached XP level 7. HP: 68/68 MP: 6/6
  1930 | D:4      | Reached skill level 6 in Maces & Flails
  2110 | D:4      | XOM: cloud trail
  2281 | D:4      | HP: 3/70 [orc (6)]
  2281 | D:4      | Mangled by an orc

Illustrated notes

Levels and vault maps discovered:
D:1:      dpeg_arrival_three_same_balls, layout_loops_ring
D:2:      layout_rooms, basic_altar, serial_shops, shop, nicolae_shop_trees,
          shop, nicolae_shop_behind_doors, nicolae_shop_waterfront
D:3:      corexii_shack_village, layout_rooms, trog_antimagical, serial_shops,
          shop, hellmonk_ecumenical_altar_defaced_shrine,
          minmay_misc_feat_more_columns, minivault_27, grunt_ministairs_4,
          uniq_jessica, uniq_crazy_yiuf_cottage, uniq_grinder, uniq_sigmund
D:4:      old_forge, layout_basic, minmay_temple_entry_crystal_x,
          nicolae_ossuary_entry_plus, serial_shops, nicolae_shop_statue_plus,
          skrybe_limestone_x, kennysheep_small_spiral,
          kennysheep_generic_room_16, uniq_ijyb, uniq_eustachio

Skill      XL: |  1  2  3  4  5  6  7 |
---------------+----------------------+-----
Dodging        | 2 3 |  3.8
Maces & Flails | 3 4 5 6 |  6.0
Fighting       | 3 4 |  4.1

Action                   |  1- 3 |  4- 6 |  7- 9 || total
-------------------------+-------+-------+-------++-------
Melee: Mace              |   111 |   116 |    58 ||   285
  Use: Scroll            |       |     5 |       ||     5
       Potion            |       |     1 |     1 ||     2
 Stab: Sleeping          |     3 |       |       ||     3
Armor: Robe              |    67 |    50 |    37 ||   154
Dodge: Dodged            |    66 |    72 |    44 ||   182

Table legend: (Time is in decaauts)
 A = Elapsed time spent in this place.
 B = Non-inter-level travel time spent in this place.
 C = Inter-level travel time spent in this place.
 D = Time resting spent in this place.
 E = Time spent auto-exploring this place.
 F = Levels seen in this place.
 G = Mean time per level.
                   A        B        C        D        E       F      G
               +--------+--------+--------+--------+--------+-----+--------+
         Total |   2314 |   2234 |     80 |     26 |   1289 |   5 |  462.8 |
       Dungeon |   2118 |   2038 |     80 |      0 |   1268 |   4 |  529.5 |
       Ossuary |    195 |    195 |      0 |     26 |     21 |   1 |  195.0 |
               +--------+--------+--------+--------+--------+-----+--------+

Top non-repeatable levels by time:
     D:4: 842 daAuts
     D:1: 755 daAuts
     D:2: 465 daAuts
 Ossuary: 195 daAuts
     D:3: 54 daAuts
